 Dungeon Crawl Stone Soup version 0.25.1-4-g9407a263a5 (webtiles) character file.

Game seed: 2435632158921190872

446 Clowwww the Chopper (level 6, -10/47 HPs)
             Began as a Demonspawn Gladiator on Nov 27, 2020.
             Mangled by Pikel
             ... wielding a +1 whip of electrocution
              (17 damage)
             ... on level 4 of the Dungeon.
             The game lasted 00:16:33 (4375 turns).

Clowwww the Chopper (Demonspawn Gladiator)          Turns: 4375, Time: 00:16:34

Health: -10/47     AC:  7    Str: 17    XL:     6   Next: 73%
Magic:  6/6        EV: 14    Int:  9    God:
Gold:   194        SH:  0    Dex: 16    Spells: 5/5 levels left

rFire    . . .     SeeInvis +   a - +0 war axe
rCold    + . .     Gourm    .   (no shield)
rNeg     . . .     Faith    .   b - +0 leather armour
rPois    .         Spirit   .   (helmet restricted)
rElec    .         Reflect  .   (no cloak)
rCorr    .         Harm     .   k - +2 pair of gloves
MR       .....                  n - +0 pair of boots {Stlth+}
Stlth    +++.......             (no amulet)
HPRegen  0.15/turn              j - ring of see invisible
MPRegen  0.10/turn              (no ring)

@: no status effects
A: horns 2, thin skeletal structure 1, cold resistance 1
a: no special abilities


You were on level 4 of the Dungeon.
You were very hungry.

You visited 1 branch of the dungeon, and saw 5 of its levels.

You collected 194 gold pieces.

Inventory:

Hand Weapons
 a - a +0 war axe (weapon)
Armour
 b - a +0 leather armour (worn)
 k - a +2 pair of gloves (worn)
 n - a +0 pair of boots of stealth (worn)
Jewellery
 j - a ring of see invisible (left hand)
Wands
 c - a wand of random effects (15)
Scrolls
 e - 4 scrolls of remove curse
 h - 3 scrolls of teleportation
 l - a scroll of fear
Potions
 g - a potion of might
 o - a potion of lignification {unknown}
 p - a potion of stabbing {unknown}
Comestibles
 f - 6 rations


   Skills:
 + Level 3.0 Fighting
 + Level 5.2 Axes
 + Level 1.8 Throwing
 + Level 1.6 Armour
 + Level 3.8 Dodging
 + Level 2.0 Stealth


You had 5 spell levels left.
You didn't know any spells.
Your spell library contained the following spells:

 Spells                   Type           Power        Failure   Level  Hunger
 Animate Skeleton         Necr           N/A          43%         1    ##.....
 Apportation              Tloc           #.....       43%         1    ##.....
 Corona                   Hex            #......      43%         1    ##.....
 Summon Small Mammal      Summ           #...         43%         1    ##.....


Dungeon Overview and Level Annotations

Branches:
Dungeon (5/15)
 Temple: D:4-7

Altars:
Kikubaaqudgha
Xom
The Shining One

Annotations:
D:4 Pikel


Innate Abilities, Weirdness & Mutations

You have a pair of horns on your head.
You have a somewhat thin skeletal structure. (Dex +2, Stealth)
Your flesh is cold resistant. (rC+)


Message History

Pikel struggles against the net.
You hit Pikel. You headbutt Pikel.
Pikel is heavily wounded.
Pikel struggles against the net.
The net rips apart, and Pikel comes free!
You hit Pikel.
Pikel is severely wounded.
Pikel misses you.
You barely miss Pikel. You headbutt Pikel, but do no damage.
Pikel is severely wounded.
Pikel hits you but does no damage.
You slash Pikel! You headbutt Pikel, but do no damage.
Pikel is almost dead.
Pikel barely misses you.
Pikel says, "Slavery isn't that bad."
Pikel hits you but does no damage.
You hit Pikel. Your headbutt misses Pikel.
Pikel is almost dead.
Pikel hits you but does no damage.
You are electrocuted!
You die...

#.# #.# #.#######.#.# #.#
#.# #.# #.#.# #.# #.#
#.## #.#.# #.####.###..#
#.#.#
#...........######.#.#
####.....#...........###
#.###.#..#.####.)))..
##.###K...#......)..<.
#....@.#.##.####.####.
#####...........####.# #.
#......(.............# #.
#.###.....##.........# #.
#.#
#.....#####.###.#####.
########.###...### #.#
#.......
...............#######.#
###.####
.#########.##........#.##
#.#
.#############.#####.#..#
#.#


You could see Pikel.

Vanquished Creatures
  A phantom (D:4)
  A crimson imp (D:2)
  2 orc priests
  Ijyb (D:4)
  An iguana (D:4)
  A worker ant (D:4)
  A hound skeleton (D:4)
  4 adders
  2 oozes (D:1)
  6 worms
  3 dart slugs
  2 leopard geckos
  11 orcs
  2 ball pythons (D:2)
  6 giant cockroaches
  6 hobgoblins
  7 jackals
  3 quokkas
  13 bats
  6 frilled lizards
  11 goblins
  6 kobolds
  10 rats
106 creatures vanquished.

Notes
Turn   | Place    | Note
-------+----------+-------------------------------------------
     0 | D:1      | Clowwww the Demonspawn Gladiator began the quest for the
                  | Orb.
     0 | D:1      | Reached XP level 1. HP: 16/16 MP: 1/1
   347 | D:1      | Gained mutation: You have a somewhat thin skeletal
                  | structure. (Dex +2, Stealth) [demonic ancestry]
   347 | D:1      | Reached XP level 2. HP: 22/22 MP: 2/2
   388 | D:1      | Reached skill level 3 in Axes
   703 | D:1      | Gained mutation: Your flesh is cold resistant. (rC+)
                  | [demonic ancestry]
   703 | D:1      | Reached XP level 3. HP: 26/28 MP: 3/3
  1340 | D:2      | Gained mutation: You have a pair of small horns on your
                  | head. [demonic ancestry]
  1340 | D:2      | Reached XP level 4. HP: 34/34 MP: 4/4
  1507 | D:2      | Reached skill level 4 in Axes
  1612 | D:2      | Found a glowing golden altar of the Shining One.
  2213 | D:3      | Reached XP level 5. HP: 22/39 MP: 5/5
  2451 | D:3      | Reached skill level 1 in Armour
  3127 | D:3      | Found a blossoming altar of Fedhas.
  3129 | D:3      | Found a basalt altar of Yredelemnul.
  3129 | D:3      | Found a shimmering altar of Xom.
  3131 | D:3      | Found an iron altar of Okawaru.
  3131 | D:3      | Found a shimmering altar of Xom.
  3131 | D:3      | Found a shimmering altar of Xom.
  3141 | D:3      | Reached skill level 1 in Stealth
  3468 | D:4      | Gained mutation: You have a pair of horns on your head.
                  | [demonic ancestry]
  3468 | D:4      | Reached XP level 6. HP: 46/46 MP: 6/6
  3861 | D:4      | Noticed Ijyb
  3866 | D:4      | Killed Ijyb
  3933 | D:4      | Reached skill level 5 in Axes
  4269 | D:4      | Found an ancient bone altar of Kikubaaqudgha.
  4310 | D:5      | Entered Level 5 of the Dungeon
  4329 | D:5      | Noticed Pikel
  4329 | D:5      | Noticed a slave
  4330 | D:5      | Noticed a slave
  4330 | D:5      | Noticed a slave
  4330 | D:5      | Noticed a slave
  4375 | D:4      | Mangled by Pikel

Illustrated notes

Levels and vault maps discovered:
D:1:      dpeg_arrival_orchard, layout_basic, kennysheep_small_spiral,
          due_unseen_surprise
D:2:      layout_loops_ring, tso_altar
D:3:      layout_loops_corners, doesnt_xom_only_xom
D:4:      layout_loops_ring, marbit_many_paths, uniq_ijyb
D:5:      minmay_diamond_boxcup, layout_loops_corners,
          grunt_temple_overflow_opulence, minmay_temple_entry_junction_2,
          gammafunk_ghost_grave, first_ration, uniq_grinder, uniq_pikel

Skill      XL: |  1  2  3  4  5  6 |
---------------+-------------------+-----
Dodging        | 3 |  3.8
Axes           | 3 4 5 |  5.2
Armour         | 1 |  1.6
Stealth        | 1 2 |  2.0
Fighting       | 3 |  3.0
Throwing       | |  1.8

Action                   |  1- 3 |  4- 6 || total
-------------------------+-------+-------++-------
Melee: War axe           |   106 |   197 ||   303
       Headbutt          |       |    40 ||    40
Throw: Javelin           |       |     4 ||     4
       Throwing net      |       |     3 ||     3
  Use: Scroll            |     4 |     4 ||     8
       Potion            |       |     3 ||     3
 Stab: Sleeping          |     3 |    13 ||    16
  Eat: Chunk             |     2 |     8 ||    10
Armor: Leather armour    |    45 |    60 ||   105
Dodge: Dodged            |    81 |   143 ||   224
